 Dungeon Crawl Stone Soup version 0.26.1-11-gd32895ea62 (webtiles) character file.

Game seed: 5723737567007370967

298 vvl the Cleaver (level 6, -10/51 HPs)
             Began as a Hill Orc Monk on June 16, 2021.
             Was a Believer of Beogh.
             Mangled by a wyvern (16 damage)
             ... on level 8 of the Dungeon.
             The game lasted 00:07:43 (3997 turns).

vvl the Cleaver (Hill Orc Monk)                     Turns: 3997, Time: 00:07:44

Health: -10/51     AC:  7    Str: 16      XL:     6   Next: 36%
Magic:  6/6        EV: 11    Int:  6      God:    Beogh [**....]
Gold:   156        SH:  0    Dex: 12 (13) Spells: 5/5 levels left

rFire    . . .     SeeInvis .   a - +0 hand axe
rCold    . . .     Faith    .   (no shield)
rNeg     . . .     Spirit   .   m - +0 ring mail
rPois    .         Reflect  .   (no helmet)
rElec    .         Harm     .   (no cloak)
rCorr    .         Rampage  .   i - +0 pair of gloves
Will     .....     Clarity  +   l - +0 pair of boots
Stlth    ++........             (no amulet)
HPRegen  0.17/turn              d - ring of wizardry
MPRegen  0.10/turn              (no ring)

@: no status effects
A: camouflage 1, clarity, dopey 2
a: Renounce Religion, Smiting


You were on level 8 of the Dungeon.
You worshipped Beogh.
Beogh was pleased with you.
You visited 1 branch of the dungeon, and saw 8 of its levels.

You collected 156 gold pieces.

Inventory:

Hand Weapons
 a - a +0 hand axe (weapon)
 o - a +0 arbalest
Armour
 i - a +0 pair of gloves (worn)
 l - a +0 pair of boots (worn)
 m - a +0 ring mail (worn)
Jewellery
 d - a ring of wizardry (left hand)
Scrolls
 c - a scroll of enchant weapon {unknown}
 f - 4 scrolls of fog {unknown}
 h - a scroll of immolation {unknown}
 j - 2 scrolls of identify {unknown}
 n - a scroll of teleportation {unknown}
 q - 2 scrolls of fear {unknown}
Potions
 e - a potion of flight


   Skills:
 + Level 3.6 Fighting
 * Level 9.1 Axes
 + Level 0.0 Armour
 + Level 2.4 Dodging
 - Level 1.5 Stealth
 * Level 0.0 Fire Magic
 + Level 0.0 Invocations


You had 5 spell levels left.
You didn't know any spells.
Your spell library contained the following spells:

 Spells                   Type           Power        Failure   Level
 Foxfire                  Conj/Fire      0%           34%         1
 Conjure Flame            Conj/Fire      0%           71%         3
 Inner Flame              Hex/Fire       0%           71%         3
 Sticky Flame             Conj/Fire      0%           97%         4
 Fireball                 Conj/Fire      0%           100%        5


Dungeon Overview and Level Annotations

Branches:
Dungeon (8/15)             Temple (0/1) D:6
   Lair: D:8-11

Altars:
Trog

Shops:
D:6 ?

Annotations:
D:4 Eustachio
D:5 Ijyb


Innate Abilities, Weirdness & Mutations

Your skin changes colour to match your surroundings (Stealth+).
You possess an exceptional clarity of mind.
You are very dopey. (Int -4)


Message History

The wyvern misses you.
You slash the wyvern!
The wyvern is severely wounded.
The wyvern bites you but does no damage.
The wyvern barely misses you.
You hit the wyvern.
The wyvern is almost dead.
The wyvern closely misses you.
You completely miss the wyvern.
The wyvern is almost dead.
The wyvern bites you!
You hit the wyvern.
The wyvern is almost dead.
The wyvern closely misses you.
You hit the wyvern but do no damage.
The wyvern is almost dead.
The wyvern bites you!
* * * LOW HITPOINT WARNING * * *
The wyvern bites you!
You die...

##########
###############.........
.#............#.........
.#............#.........
.'............'.@l......
.###...########.........
.####### ....#######
...# ......# ...#
#.......# ...# #.......#
..########.......#
..##....#......<##
........+


You could see a wyvern.

Vanquished Creatures
  3 killer bees (D:7)
  3 worker ants
  4 adders
  An ufetubus (D:8)
  An ooze (D:1)
  2 dart slugs (D:1)
  2 leopard geckos (D:1)
  An orc (D:7)
  2 giant cockroaches
  2 goblins (D:1)
  8 hobgoblins
  4 jackals
  3 ball pythons
  4 bats
  3 frilled lizards
  A jackal skeleton (D:5)
  5 kobolds
  6 rats
55 creatures vanquished.

Notes
Turn   | Place    | Note
-------+----------+-------------------------------------------
     0 | D:1      | vvl the Hill Orc Monk began the quest for the Orb.
     0 | D:1      | Reached XP level 1. HP: 19/19 MP: 1/1
   531 | D:1      | Reached XP level 2. HP: 26/26 MP: 2/2
   607 | D:1      | Reached skill level 5 in Axes
   962 | D:1      | Reached XP level 3. HP: 25/31 MP: 3/3
  1633 | D:2      | Reached skill level 6 in Axes
  1763 | D:2      | Reached XP level 4. HP: 18/39 MP: 4/4
  2489 | D:3      | Found a bloodstained altar of Trog.
  2572 | D:3      | Reached skill level 7 in Axes
  2896 | D:4      | Reached XP level 5. HP: 29/45 MP: 5/5
  3179 | D:4      | Noticed Eustachio
  3192 | D:5      | Entered Level 5 of the Dungeon
  3294 | D:5      | Noticed Ijyb
  3338 | D:6      | Found Coshriok's Magic Scroll Emporium.
  3338 | D:6      | Found a staircase to the Ecumenical Temple.
  3338 | D:6      | Noticed an ogre
  3434 | D:7      | Gained mutation: You are dopey. (Int -2) [potion of
                  | mutation]
  3434 | D:7      | Gained mutation: Your skin changes colour to match your
                  | surroundings (Stealth+). [potion of mutation]
  3434 | D:7      | Gained mutation: You are very dopey. (Int -4) [potion of
                  | mutation]
  3434 | D:7      | Gained mutation: You possess an exceptional clarity of
                  | mind. [potion of mutation]
  3443 | D:7      | Reached skill level 8 in Axes
  3447 | D:7      | Reached XP level 6. HP: 7/51 MP: 6/6
  3785 | D:7      | Reached skill level 9 in Axes
  3954 | D:8      | Became a worshipper of Beogh the Brigand
  3954 | D:8      | Reached * piety under Beogh
  3954 | D:8      | Reached ** piety under Beogh
  3985 | D:8      | Noticed a wyvern
  3997 | D:8      | Mangled by a wyvern

Illustrated notes

Levels and vault maps discovered:
D:1:      dpeg_arrival_round_a, layout_basic
D:2:      layout_loops_cross
D:3:      layout_loops_ring, bloody_trog, old_standard_altar
D:4:      layout_cave_pods, old_standard_altar, kennysheep_orc_chapel,
          uniq_eustachio
D:5:      layout_loops_cross, uniq_ijyb
D:6:      minmay_flawed_box, layout_cave_pools,
          minmay_temple_entry_statues_fountains, serial_shops, shop
D:7:      layout_basic, ashenzari_conservatory_becter
D:8:      layout_gridville, gammafunk_temple_overflow_pools

Skill      XL: |  1  2  3  4  5  6 |
---------------+-------------------+-----
Axes           | 5 6 7 8 9 |  9.1
Fighting       | |  3.6
Dodging        | |  2.4
Stealth        | |  1.5

Action                   |  1- 3 |  4- 6 || total
-------------------------+-------+-------++-------
Melee: Hand axe          |   116 |   112 ||   228
Invok: Convert to Beogh  |       |     1 ||     1
  Use: Potion            |       |     7 ||     7
Armor: Robe              |    21 |     1 ||    22
       Ring mail         |       |    43 ||    43
       Skin              |       |    15 ||    15
Dodge: Dodged            |    94 |    81 ||   175
